 Dungeon Crawl Stone Soup version 0.22-a0-617-g6d95e9e (webtiles) character file.

158 emperorscorpion the Skirmisher (level 5, 0/73 HPs)
             Began as a Naga Fighter on July 13, 2018.
             Was an Initiate of Wu Jian.
             Killed by divine providence
             ... invoked by an orc priest
              (11 damage)
             ... on level 4 of the Dungeon.
             The game lasted 00:05:47 (3135 turns).

emperorscorpion the Skirmisher (Naga Fighter)       Turns: 3135, Time: 00:05:48

Health: 0/73       AC: 22    Str: 22 (24) XL:     5   Next: 39%
Magic:  4/4        EV:  1    Int:  7 (8)  God:    Wu Jian [......]
Gold:   297        SH:  9    Dex:  9 (11) Spells: 4/4 levels left

rFire    + . .     SeeInvis +   a - +0 dagger (elec)
rCold    + . .     Gourm    .   c - +0 shield
rNeg     + + +     Faith    .   (armour currently unavailable)
rPois    +         Spirit   .   (helmet currently unavailable)
rElec    +         Reflect  .   (cloak currently unavailable)
rCorr    +         Harm     .   (gloves currently unavailable)
MR       .....     NoTele   +   (no barding)
Stlth    +.........             (no amulet)
HPRegen  0.22/turn              (no ring)
MPRegen  0.09/turn              (no ring)

@: mighty, tree-form, resistant
A: large, see invisible, low mp 1, slow metabolism 1, spit poison 1, wild magic
1, AC +1
a: Spit Poison, Renounce Religion


You were on level 4 of the Dungeon.
You worshipped Wu Jian.
Wu Jian was noncommittal.
You were very hungry.
You were a tree.
You visited 1 branch of the dungeon, and saw 4 of its levels.

You collected 297 gold pieces.

Inventory:

Hand Weapons
 a - a +0 dagger of electrocution (weapon)
 h - a +0 rapier
Missiles
 g - 28 poisoned needles
Armour
 b - a +0 scale mail
 c - a +0 shield (worn)
 r - a +0 helmet (melded)
 x - a cursed +0 scale mail (melded)
Jewellery
 k - an uncursed ring of protection from fire {unknown}
 m - an uncursed amulet of faith {unknown}
Scrolls
 e - 8 scrolls of identify
 i - 3 scrolls of remove curse
 j - 3 scrolls of teleportation
 n - 3 scrolls of immolation
 p - 2 scrolls of fear
Potions
 d - a potion of might
 o - a potion of degeneration
Comestibles
 f - 9 rations


   Skills:
 + Level 3.6 Fighting
 + Level 3.3 Short Blades
 + Level 3.1 Armour
 + Level 0.4 Dodging
 + Level 3.2 Shields


You had 4 spell levels left.
You didn't know any spells.
Your spell library contained the following spells:

 Spells                   Type           Power        Failure   Level  Hunger
 Magic Dart               Conj           #...         89%         1    ##.....
 Conjure Flame            Conj/Fire      #.......     99%         3    ####...
 Slow                     Hex            #.......     96%         2    ###....
 Mephitic Cloud           Conj/Pois/Air  #.......     99%         3    ####...
 Blink                    Tloc           N/A          96%         2    ###....
 Call Imp                 Summ           #.......     96%         2    ###....


Dungeon Overview and Level Annotations

Branches:
Dungeon (4/15)
 Temple: D:4-7

Altars:
Ashenzari
Dithmenos
Elyvilon
Kikubaaqudgha
Nemelex Xobeh
Uskayaw
Wu Jian
Xom
Zin


Innate Abilities, Weirdness & Mutations

You cannot wear boots.
((Your serpentine skin is tough. (AC +1)))
You have supernaturally acute eyesight. (SInv)
((Armour fits poorly on your strangely shaped body.))
((Your system is resistant to poisons. (rPois)))
((You cover ground very slowly.))
You have a slow metabolism.
You can spit poison.
Your magical capacity is low. (-10% MP)
Your spells are a little harder to cast, but a little more powerful.


Message History

Cornered, the orc priest turns to fight!
As you read the scroll labeled YRAUCA IGHUSO, it crumbles to dust.
You hear a lullaby played backwards.
It was a scroll of random uselessness.
As you read the scroll labeled RAANAU PIACAC, it crumbles to dust.
You cannot blink because you are held in place by your roots.
It was a scroll of blinking.
As you read the scroll labeled XEVAGU VEJE, it crumbles to dust.
The scroll dissolves into smoke.
It was a scroll of fog.
Okay, then.
The orc priest hits you but does no damage.
You block the orc priest's attack.
The orc priest hits you from afar with a trident.
* * * LOW HITPOINT WARNING * * *
The orc priest hits you but does no damage.
The orc priest hits you but does no damage.
The orc priest hits you but does no damage.
The orc priest mumbles some strange prayers to Beogh against you.
Beogh smites you!
You die...

................#..##.##..
............<...#.........
..............#.#..##.##..
####...##.##'#.#..##.# .
#...##..'_+.......# #
#...##..#+#....############
#...#####...#.#..........##
##...#########.#.###.#.##.##
#....)...§§♣§#.#.###.#.##.##
#.#.##..####§#.#.##.....#.##
#..)....####o#....)..#....##
...#####...##§###.###.#.#....
..#. #.#.##.# #..........##
... #......# ############ .[
#.#.#### #.#.# ..#.#


You could see an orc priest (inner flame).

Vanquished Creatures
  An orc priest (D:4)
  A bullfrog skeleton (D:4)
  3 adders
  An ooze (D:1)
  2 worms (D:2)
  A dart slug (D:1)
  2 leopard geckos
  3 orcs (D:4)
  2 ball pythons (D:1)
  6 bats
  4 giant cockroaches
  5 goblins
  7 hobgoblins
  2 jackals (D:3)
  4 kobolds
  6 frilled lizards
  8 rats
58 creatures vanquished.

Vanquished Creatures (others)
  A plant (D:1)
1 creature vanquished.

Grand Total: 59 creatures vanquished

Notes
Turn   | Place    | Note
-------+----------+-------------------------------------------
     0 | D:1      | emperorscorpion the Naga Fighter began the quest for the Orb.
     0 | D:1      | Reached XP level 1. HP: 21/21 MP: 1/1
   195 | D:1      | Reached XP level 2. HP: 24/28 MP: 2/2
   613 | D:1      | Reached XP level 3. HP: 33/34 MP: 3/3
   902 | D:2      | Found a shadowy altar of Dithmenos.
   924 | D:2      | Found a faded altar of an unknown god.
  1588 | D:2      | Found a hide-covered altar of Uskayaw.
  1588 | D:2      | Found a shattered altar of Ashenzari.
  1649 | D:2      | Reached XP level 4. HP: 42/42 MP: 4/4
  1763 | D:2      | Found a white marble altar of Elyvilon.
  1838 | D:2      | Found an ancient bone altar of Kikubaaqudgha.
  1838 | D:2      | Found a glowing silver altar of Zin.
  1875 | D:2      | Found a shimmering altar of Xom.
  1975 | D:3      | Noticed a phantom
  2291 | D:3      | Found a sparkling altar of Nemelex Xobeh.
  2796 | D:4      | Reached XP level 5. HP: 48/49 MP: 5/5
  3050 | D:4      | Found an ornate altar of the Wu Jian Council.
  3066 | D:4      | Became a worshipper of the Wu Jian Council
  3109 | D:4      | Gained mutation: Your magical capacity is low. (-10% MP) [potion of mutation]
  3109 | D:4      | Gained mutation: Your spells are a little harder to cast, but a little more powerful. [potion of mutation]
  3135 | D:4      | Killed from afar by an orc priest

Vault maps used:
D:1:      roderic_crop_circles_arrival_small, minmay_misc_feat_secret_circle
D:2:      nicolae_dithmenos_through_a_glass_darkly,
          amethyst_overflow_temple_binary, elyvilon_altar_4,
          gammafunk_temple_overflow_forgotten, serial_co_window_serial,
          co_window_paths_a, co_window_corner_a, co_window_cross_1,
          co_window_corner_a, co_window_corner_a, co_window_corner_ca,
          co_window_broadway_b, co_window_of_opportunity_b, glass_columns_a,
          glass_columns_a, glass_columns_c, glass_columns_a, glass_columns_b,
          chequers_ecumenical_altar_simple, first_ration
D:3:      nemelex_altar_shiori
D:4:      kennysheep_mini, biasface_ghost_orc_armoury

Skill      XL: |  1  2  3  4 |
---------------+-------------+-----
Armour         | 3 |  3.1
Shields        | 3 |  3.2
Short Blades   | 3 |  3.3
Fighting       | |  3.6
Dodging        | |  0.4

Action                   |  1- 3 |  4- 6 || total
-------------------------+-------+-------++-------
Melee: Rapier            |   119 |    82 ||   201
       Dagger            |       |    26 ||    26
 Abil: Spit Poison       |     8 |     1 ||     9
  Use: Scroll            |       |     8 ||     8
       Potion            |       |     7 ||     7
  Eat: Chunk             |     2 |     3 ||     5
Armor: Scale mail        |    50 |    45 ||    95
       Skin              |       |     7 ||     7
Dodge: Dodged            |    31 |    24 ||    55
Block: Shield            |    60 |    63 ||   123

Table legend:
 A = Spawn XP
 B = Non-spawn XP
 C = Spawn XP percentage of total XP
 D = Spawn monster count
 E = Non-spawn monster count
 F = Spawn count percentage of total count
 G = Total turns spent on level
                    A         B        C        D         E        F      G
               +---------+---------+-------+---------+---------+-------+---------
         Total |       0 |     226 |   0.0 |       0 |      58 |   0.0 |  3135
               +---------+---------+-------+---------+---------+-------+---------
           D:1 |       0 |      46 |   0.0 |       0 |      24 |   0.0 |   902
           D:2 |       0 |      50 |   0.0 |       0 |      13 |   0.0 |  1064
           D:3 |       0 |      32 |   0.0 |       0 |      13 |   0.0 |   821
           D:4 |       0 |      98 |   0.0 |       0 |       8 |   0.0 |   348
               +---------+---------+-------+---------+---------+-------+---------
